 Dungeon Crawl Stone Soup version 0.29-a0-722-g64f5989226 (webtiles) character file.

Game seed: 18307278183149476412

277 KristoblXynda the Sneak (level 6, -3/32 HPs)
             Began as a Spriggan Brigand on June 28, 2022.
             Killed by divine providence
             ... invoked by an orc priest
              (14 damage)
             ... on level 4 of the Dungeon.
             The game lasted 00:04:20 (4124 turns).

KristoblXynda the Sneak (Spriggan Brigand)          Turns: 4124, Time: 00:04:21

Health: -3/32      AC:  3    Str: 15    XL:     6   Next: 4%
Magic:  7/7        EV: 18    Int: 12    God:
Gold:   167        SH:  0    Dex: 17    Spells: 5/5 levels left

rFire   . . .      SeeInvis +   a - +2 dagger
rCold   . . .      Faith    .   (no shield)
rNeg    . . .      Spirit   .   b - +0 robe
rPois   .          Reflect  .   (helmet restricted)
rElec   .          Harm     .   c - +0 cloak
rCorr   .          Rampage  .   (gloves unavailable)
Will    +....                   (boots unavailable)
Stlth   ++++......              (no amulet)
HPRegen 0.10/turn               g - +6 ring of strength
MPRegen 0.10/turn               r - ring of flight

@: flying, very quick
A: very small, no large weapons, unfitting armour, see invisible, speed 3
a: no special abilities


You were on level 4 of the Dungeon.
You visited 1 branch of the dungeon, and saw 4 of its levels.

You collected 167 gold pieces.

Inventory:

Hand Weapons
 a - a +2 dagger (weapon)
Missiles
 d - 13 poisoned darts (quivered)
 e - 2 curare-tipped darts
Armour
 b - a +0 robe (worn)
 c - a +0 cloak (worn)
 j - +0 ice dragon scales
Jewellery
 g - a +6 ring of strength (left hand)
 r - a ring of flight (right hand)
Scrolls
 h - a scroll of magic mapping
 i - a scroll of identify
 m - 3 scrolls of fog
 o - a scroll of immolation {unknown}
Potions
 k - a potion of might {unknown}
 l - a potion of heal wounds {unknown}
 p - a potion of haste {unknown}
 q - a potion of berserk rage {unknown}
 s - a potion of brilliance {unknown}


   Skills:
 + Level 2.9 Fighting
 + Level 3.9 Short Blades
 - Level 2.0 Throwing
 + Level 4.0 Dodging
 + Level 7.5 Stealth


You had 5 spell levels left.
You didn't know any spells.
Your spell library contained the following spells:

 Spells                   Type           Power      Damage    Failure   Level
 Apportation              Tloc           0%         N/A       32%         1
 Necrotize                Necr           0%         1d4       32%         1
 Summon Small Mammal      Summ           0%         N/A       32%         1


Dungeon Overview and Level Annotations

Branches:
Dungeon (4/15)             Temple (0/1) D:4

Altars:


Innate Abilities, Weirdness & Mutations

You are very small and have problems with some larger weapons.
You are too small for most types of armour.
You have supernaturally acute eyesight. (SInv)
You cover ground extremely quickly. (Speed+++)


Message History

No target in view!
No target in view!
You see here a ball python corpse.
You reach down and open the door.
There is an open door here.
As you open the door, it creaks loudly!
An orc priest comes into view. It is wielding a +0 morningstar.
An orc priest is nearby!
An orc priest is nearby!
Found a staircase to the Ecumenical Temple.
There is an open door here.
You hit the orc priest but do no damage.
The orc priest calls down the wrath of Beogh upon you.
Beogh smites you!
You barely miss the orc priest.
The orc priest calls down the wrath of Beogh upon you.
Beogh smites you!
* * * LOW HITPOINT WARNING * * *
You are too injured to fight recklessly!
You are too injured to fight recklessly!
You are too injured to fight recklessly!
You are too injured to fight recklessly!
You are too injured to fight recklessly!
You are too injured to fight recklessly!
You are too injured to fight recklessly!
You are too injured to fight recklessly!
You are too injured to fight recklessly!
Unknown command.
You feel better.
The orc priest hits you with a +0 morningstar!
* * * LOW HITPOINT WARNING * * *
You feel better. The orc priest misses you.
You hit the orc priest but do no damage.
The orc priest miscasts a cantrip.
There is an open door here.
As you read the scroll labelled ISIDGHOHUSCH, it crumbles to dust.
You feel aware of your surroundings.
It was a scroll of magic mapping.
The orc priest invokes the aid of Beogh against you.
Beogh smites you!
You die...

** ########### ########
,****#.........# #......#####***
,+,,,#.........# #.†....'...#,,,
,*,,,#....)....# #......#...#,,,
.#####.........# #......#...#,,,
...............# #......#...#*,,
...............# #......#####*,,
...........o...####.######.,,*,,,
......##'######.@..........,,*,,,
#######....# #....#.......,,*,,,
#..........# #....#.......,,*,,,
#..........# #....#....##.,,**,,
#..>.##+####*##....#######,,,**,,
##...**,,***,#...........#,,,*,,,
*#..,,,,,,,,,#...........+,,,*,,,
....,,,,,,,,,#...........##******
...,,,,,,,,,,#...............,,,,


You could see an orc priest.

Vanquished Creatures
  An ogre (D:4)
  A jelly (D:3)
  A hound (D:4)
  An iguana (D:4)
  2 adders (D:3)
  3 worms
  3 dart slugs
  2 endoplasms
  6 giant cockroaches
  6 goblins
  7 hobgoblins
  11 jackals
  3 quokkas
  5 ball pythons
  9 bats
  5 frilled lizards
  3 kobolds (D:1)
  4 rats
73 creatures vanquished.

Vanquished Creatures (others)
  5 toadstools (D:1)
5 creatures vanquished.

Grand Total: 78 creatures vanquished

Notes
Turn   | Place    | Note
-------+----------+-------------------------------------------
     0 | D:1      | KristoblXynda the Spriggan Brigand began the quest for the
                  | Orb.
     0 | D:1      | Reached XP level 1. HP: 10/10 MP: 2/2
    15 | D:1      | Found a faded altar of an unknown god.
   352 | D:1      | Reached skill level 6 in Stealth
   361 | D:1      | Reached XP level 2. HP: 9/15 MP: 3/3
  1095 | D:1      | Reached XP level 3. HP: 15/18 MP: 4/4
  2565 | D:2      | Reached XP level 4. HP: 23/23 MP: 5/5
  3732 | D:3      | Reached skill level 7 in Stealth
  3732 | D:3      | Reached XP level 5. HP: 22/27 MP: 6/6
  4013 | D:4      | Noticed an ogre
  4032 | D:4      | Killed an ogre
  4033 | D:4      | Reached XP level 6. HP: 32/32 MP: 7/7
  4106 | D:4      | Found a staircase to the Ecumenical Temple.
  4124 | D:4      | Killed from afar by an orc priest

Illustrated notes

Levels and vault maps discovered:
D:1:      ldierk_walled_garden, layout_basic, ebering_ecumenical_altar_webs
D:2:      layout_loops_ring
D:3:      minmay_spotlight, layout_basic, serial_co_window_serial,
          co_window_corner_a, co_window_paths_a, co_window_paths_a,
          co_window_corner_a, co_window_corner_a, co_window_corner_ca,
          co_window_paths_c, co_window_cross_2, co_window_sun,
          co_window_4corner_b, glass_columns_c, glass_columns_c,
          glass_columns_a, glass_columns_a, glass_columns_b
D:4:      cheibrodos_barr_body, layout_gridville,
          minmay_temple_entry_proselytizer, uniq_robin

Skill      XL: |  1  2  3  4  5 |
---------------+----------------+-----
Stealth        | 6 7 |  7.5
Dodging        | 2 3 4 |  4.0
Fighting       | 2 |  2.9
Short Blades   | 3 |  3.9
Throwing       | |  2.0

Action                   |  1- 3 |  4- 6 || total
-------------------------+-------+-------++-------
Melee: Dagger            |   152 |    46 ||   198
       Punch             |     2 |       ||     2
Throw: Dart              |    15 |     8 ||    23
  Use: Scroll            |       |     4 ||     4
       Potion            |       |     2 ||     2
 Stab: Sleeping          |    14 |    12 ||    26
       Distracted        |     1 |       ||     1
Armor: Robe              |    12 |     2 ||    14
Dodge: Dodged            |   105 |    14 ||   119

Table legend: (Time is in decaauts)
 A = Elapsed time spent in this place.
 B = Non-inter-level travel time spent in this place.
 C = Inter-level travel time spent in this place.
 D = Time resting spent in this place.
 E = Time spent auto-exploring this place.
 F = Levels seen in this place.
 G = Mean time per level.
                   A        B        C        D        E       F      G
               +--------+--------+--------+--------+--------+-----+--------+
         Total |   3102 |   3042 |     60 |    829 |   1733 |   4 |  775.5 |
       Dungeon |   3102 |   3042 |     60 |    829 |   1733 |   4 |  775.5 |
               +--------+--------+--------+--------+--------+-----+--------+

Top non-repeatable levels by time:
     D:1: 1282 daAuts
     D:2: 967 daAuts
     D:3: 671 daAuts
     D:4: 180 daAuts
